 Dungeon Crawl Stone Soup version 0.28.0-53-g5a82cb258f (webtiles) character file.

Game seed: 11375289229429849520

45 gobodom the Skirmisher (level 3, -2/29 HPs)
             Began as a Demonspawn Cinder Acolyte on June 21, 2022.
             Was a High Priest of Ignis.
             Slain by Robin
             ... wielding a +0 whip
              (3 damage)
             ... on level 2 of the Dungeon.
             The game lasted 00:05:27 (1245 turns).

gobodom the Skirmisher (Demonspawn Cinder Acolyte)  Turns: 1245, Time: 00:05:28

Health: -2/29      AC:  4    Str: 14    XL:     3   Next: 42%
Magic:  0/4        EV: 11    Int: 15    God:    Ignis [*****.]
Gold:   45         SH:  0    Dex: 10    Spells: 2/4 levels left

rFire   + . .      SeeInvis .   a - -1 hand axe (flame)
rCold   . . .      Faith    .   (no shield)
rNeg    . . .      Spirit   .   b - +0 robe
rPois   .          Reflect  .   (no helmet)
rElec   .          Harm     .   (no cloak)
rCorr   .          Rampage  .   (no gloves)
Will    .....                   (no boots)
Stlth   +.........              (no amulet)
HPRegen 0.09/turn               h - ring of wizardry
MPRegen 0.09/turn               (no ring)

@: very slightly contaminated
A: thin metallic scales 1
a: Renounce Religion, Fiery Armour, Foxfire Swarm, Rising Flame


You were on level 2 of the Dungeon.
You worshipped Ignis.
Ignis was extremely pleased with you.
You visited 1 branch of the dungeon, and saw 2 of its levels.

You collected 45 gold pieces.

Inventory:

Hand Weapons
 a - a -1 hand axe of flaming (weapon)
 f - a +0 whip of venom
 k - a +3 dagger
Armour
 b - a +0 robe (worn)
Jewellery
 h - a ring of wizardry (left hand)
 i - an amulet of reflection
 j - a +6 ring of dexterity
Scrolls
 d - a scroll of enchant weapon {unknown}
 e - a scroll of summoning {unknown}
 g - a scroll of blinking {unknown}
Potions
 c - a potion of degeneration {unknown}


   Skills:
 + Level 3.4 Fighting
 + Level 3.2 Axes
 + Level 0.1 Dodging
 + Level 1.1 Spellcasting
 + Level 3.2 Fire Magic


You had 2 spell levels left.
You knew the following spells:

 Your Spells              Type           Power      Damage    Failure   Level
a - Scorch                Fire           20%        2d6       4%          2

Your spell library contained the following spells:

 Spells                   Type           Power      Damage    Failure   Level


Dungeon Overview and Level Annotations

Branches:
Dungeon (2/15)

Altars:

Annotations:
D:2 Robin


Innate Abilities, Weirdness & Mutations

You are partially covered in thin metallic scales. (AC +2)


Message History

You escape the ball python's grasp.
Things that are here:
a +0 dagger; a +0 dagger; a goblin corpse
Things that are here:
a +0 dagger; a hobgoblin corpse You see here a goblin corpse.
You hit the endoplasm but do no damage. The endoplasm barely misses you.
You hit the endoplasm. You burn the endoplasm.
The endoplasm is almost dead.
The endoplasm freezes you.
You are frozen.
* * * LOW HITPOINT WARNING * * *
You hit the endoplasm. You burn the endoplasm.
You kill the endoplasm!
Robin barely misses you.
A giant cockroach comes into view.
The giant cockroach moves out of view.
Things that are here:
a +0 dagger; a goblin corpse
Found a dagger.
You barely miss Robin. Robin misses you.
You hit Robin but do no damage. Robin hits you with a +0 whip.
* * * LOW HITPOINT WARNING * * *
You barely miss Robin. Robin hits you but does no damage.
You are too injured to fight recklessly!
Casting: Scorch (safe; 4% risk of failure)
Confirm with . or Enter, or press ? or * to list all spells.
Flames lash Robin.
Robin is moderately wounded.
Robin's fire resistance burns away.
Robin closely misses you.
Casting: Scorch (safe; 4% risk of failure)
Confirm with . or Enter, or press ? or * to list all spells.
You miscast Scorch.
You are very lightly contaminated with residual magic.
Nothing appears to happen.
Robin hits you with a +0 whip.
* * * LOW HITPOINT WARNING * * *
You barely miss Robin.
Robin is moderately wounded.
Robin hits you with a +0 whip.
You die...

..........##.#.......#.# #....
.........)##$#.......#.#......
#........### #.......#.....#
#........#..#.# #...........#.
#.###..........# #S.###.)..#..
####g####....# #
#..@...........
################


You could see Robin (combustible) and a ball python.

Vanquished Creatures
  3 ball pythons
  4 bats
  8 endoplasms
  A giant cockroach (D:1)
  12 goblins
  4 hobgoblins
  4 kobolds
  A rat (D:1)
37 creatures vanquished.

Notes
Turn   | Place    | Note
-------+----------+-------------------------------------------
     0 | D:1      | gobodom the Demonspawn Cinder Acolyte began the quest for
                  | the Orb.
     0 | D:1      | Reached XP level 1. HP: 18/18 MP: 2/2
   232 | D:1      | Gained mutation: You are partially covered in thin metallic
                  | scales. (AC +2) [demonic ancestry]
   232 | D:1      | Reached XP level 2. HP: 17/24 MP: 3/3
   994 | D:1      | Learned a level 2 spell: Scorch
  1186 | D:2      | Reached XP level 3. HP: 29/29 MP: 1/4
  1190 | D:2      | Noticed Robin
  1244 | D:2      | HP: 1/29 [Robin/+0 whip (3)]
  1245 | D:2      | Slain by Robin

Illustrated notes

Levels and vault maps discovered:
D:1:      lemuel_arrival_broad_hall, layout_basic
D:2:      layout_rooms, minmay_misc_feat_cross, uniq_robin

Skill      XL: |  1  2 |
---------------+-------+-----
Fire Magic     | 3 |  3.2
Axes           | 3 |  3.2
Fighting       | |  3.4
Dodging        | |  0.1
Spellcasting   | |  1.1

Action                   || total
-------------------------++-------
Melee: Hand axe          ||    79
       Punch             ||     1
 Cast: Scorch            ||     5
Armor: Robe              ||    30
Dodge: Dodged            ||    72
